[Event "67th RUS-ch Superfinal Women 2017"]
[Site "St. Petersburg"]
[Date "2017.12.10"]
[Round "7"]
[White "Kovalevskaya, Ekaterina"]
[Black "Ovod, Evgenija"]
[Result "1/2-1/2"]
[ECO "A13"]
[WhiteElo "2405"]
[BlackElo "2364"]
[Annotator "ChessBase"]
[PlyCount "61"]
[EventDate "2017.??.??"]
[EventType "tourn"]
[EventCountry "RUS"]
[SourceTitle "playchess.com"]
[Source "ChessBase"]
[SourceQuality "1"]
[TimeControl "40/5400+30:1800+30"]

1. c4 e6 2. Nf3 Nf6 3. Nc3 d5 4. e3 c5 5. d4 dxc4 6. Bxc4 a6 7. a4 Nc6 8. O-O Be7 9. Ne5 cxd4 10. Nxc6 bxc6 11. Qxd4 Qxd4 12. exd4 a5 13. b3 Ba6 14. Bf4 Nd5 15. Nxd5 exd5 16. Bxa6 Rxa6 17. Rfd1 Kd7 18. Rd3 h5 19. Kf1 Bb4 20. Rg3 g6 21. Rd1 Re8 22. Re3 Rxe3 23. Bxe3 Bd6 24. h3 f5 25. g3 Ra8 26. Rd3 Re8 27. Bd2 Bc7 28. Re3 Rb8 29. Rd3 Re8 30. Re3 Rb8 31. Rd3 1/2-1/2

[Event "67th RUS-ch Superfinal Women 2017"]
[Site "St. Petersburg"]
[Date "2017.12.11"]
[Round "8"]
[White "Shuvalova, Polina"]
[Black "Kovalevskaya, Ekaterina"]
[Result "1-0"]
[ECO "B30"]
[WhiteElo "2385"]
[BlackElo "2405"]
[Annotator "ChessBase"]
[PlyCount "163"]
[EventDate "2017.??.??"]
[EventType "tourn"]
[EventCountry "RUS"]
[SourceTitle "playchess.com"]
[Source "ChessBase"]
[SourceQuality "1"]
[TimeControl "40/5400+30:1800+30"]

1. e4 c5 2. Nf3 Nc6 3. c3 d5 4. exd5 Qxd5 5. d4 cxd4 6. cxd4 Bg4 7. Be2 e6 8. Nc3 Qd8 9. O-O Nf6 10. h3 Bh5 11. Be3 Be7 12. Qb3 O-O 13. Qxb7 Nb4 14. Bf4 Nfd5 15. Nxd5 Nxd5 16. Be5 f6 17. Bh2 Bd6 18. Qc6 Bxh2+ 19. Nxh2 Bf7 20. Rac1 Rb8 21. b3 Nf4 22. Bg4 h5 23. Bf3 Qxd4 24. Rfd1 Qb6 25. h4 Qa5 26. Rc4 Rb4 27. Rxb4 Qxb4 28. g3 Nd5 29. Nf1 Nb6 30. Ne3 Qa3 31. Rd2 Rc8 32. Qb7 Qc1+ 33. Rd1 Qc7 34. Qa6 Nd7 35. Bxh5 Ne5 36. Be2 Rb8 37. Qd6 Qb7 38. f4 Nc6 39. Bf3 Qb6 40. Kf2 Nb4 41. Qxb6 axb6 42. a3 Na2 43. Rd2 Nc3 44. Rd3 Nb5 45. a4 Nc7 46. Be2 Na6 47. Rd1 Nc5 48. Bc4 Kf8 49. Kf3 Be8 50. Nc2 b5 51. axb5 Bxb5 52. Bxb5 Rxb5 53. b4 Na6 54. Rd4 Ke7 55. g4 Rb8 56. Rc4 Kd6 57. Ke4 g6 58. Rd4+ Ke7 59. g5 f5+ 60. Kd3 Rh8 61. b5 Nc5+ 62. Kc4 Nb7 63. Nb4 Na5+ 64. Kd3 Rxh4 65. Nc6+ Nxc6 66. bxc6 e5 67. fxe5 Rh3+ 68. Kc4 Rh1 69. Rd3 Ke6 70. Rc3 Rh8 71. Kb5 Kxe5 72. c7 Rc8 73. Kc6 f4 74. Kd7 Rxc7+ 75. Rxc7 f3 76. Ke7 f2 77. Rc1 Kf5 78. Rf1 Kxg5 79. Rxf2 Kh4 80. Kf6 g5 81. Rg2 g4 82. Kf5 1-0

[Event "67th RUS-ch Superfinal Women 2017"]
[Site "St. Petersburg"]
[Date "2017.12.12"]
[Round "9"]
[White "Ovod, Evgenija"]
[Black "Shuvalova, Polina"]
[Result "1-0"]
[ECO "B13"]
[WhiteElo "2364"]
[BlackElo "2385"]
[Annotator "NA"]
[PlyCount "129"]
[EventDate "2017.??.??"]
[EventType "tourn"]
[EventCountry "RUS"]
[SourceTitle "playchess.com"]
[Source "ChessBase"]
[SourceQuality "1"]
[TimeControl "40/5400+30:1800+30"]

1. e4 c6 2. d4 d5 3. exd5 cxd5 4. Bd3 Nc6 5. c3 Qc7 6. Ne2 Bg4 {[%emt 0:03:07] LiveBook: 270 Games} 7. O-O {[%emt 0:00:07] B13: Caro-Kann (Abtausch-Variante 4.c4)} e6 (7... Nf6 8. Qe1 g6 9. Bf4 Qb6 10. h3 Bxe2 11. Qxe2 Bg7 12. a4 O-O 13. Re1 Rfe8 14. Na3 Nh5 {0-1 (41) Bachmann,A (2648)-Dreev,A (2648) Tbilisi 2017}) 8. Qe1 Bxe2 9. Qxe2 Nf6 10. Nd2 Bd6 11. Nf3 O-O 12. Re1 a6 $146 ({Vorgänger:} 12... Rae8 13. Bg5 Nd7 14. Bc2 f5 {½-½ (46) Rook,D (2446)-Romm,M (2458) ICCF email 2013}) 13. Ne5 Nd7 14. Bf4 ({Much weaker is} 14. Qh5 g6 $17) 14... g6 15. h4 Rfe8 16. h5 Ndxe5 17. dxe5 Bf8 18. hxg6 fxg6 19. Rad1 Bg7 20. Bb1 Rf8 21. Bg3 b5 22. a4 Rab8 23. axb5 axb5 24. Qg4 Rfe8 25. f4 Na5 26. b4 Nc4 27. Rc1 Qf7 28. Bf2 Rec8 29. Bd4 Ra8 30. Re2 Ra1 31. Kh2 Rca8 32. Rce1 R8a6 33. g3 Qe7 34. Kh3 Na3 35. Bd3 Rxe1 36. Rxe1 Nc4 37. Qe2 Qf8 38. Rf1 Qa8 39. Rf2 Ra1 40. Qg4 Qe8 41. Kh2 Qe7 42. Bc5 Qe8 43. Qh3 Qc6 44. Qg2 Qa8 45. Be2 Bf8 46. Bd4 Ra6 47. Bd3 Bg7 48. g4 Ra1 49. Re2 Bh6 50. Kg3 $16 Qa3 51. g5 Rd1 52. Qf3 Bf8 53. Rh2 Rd2 54. Bxc4 Rxh2 55. Bxd5 Rd2 56. Bxe6+ Kh8 57. Bf7 Bxb4 58. e6+ Rxd4 59. cxd4 Qa1 60. Qe3 Qe1+ 61. Qxe1 Bxe1+ 62. Kf3 Kg7 63. Be8 b4 64. e7 b3 65. Bxg6 1-0